 Dungeon Crawl Stone Soup version 0.26.0-45-g9c1d065592 (webtiles) character file.

Game seed: 8731701409187685886

23 Asceticacid the Chopper (level 2, -2/22 HPs)
             Began as a Demonspawn Gladiator on Jan 29, 2021.
             Slain by an adder (3 damage)
             ... on level 2 of the Dungeon.
             The game lasted 00:01:28 (1225 turns).

Asceticacid the Chopper (Demonspawn Gladiator)      Turns: 1225, Time: 00:01:28

Health: -2/22      AC:  8    Str: 14    XL:     2   Next: 72%
Magic:  2/2        EV: 12    Int:  9    God:
Gold:   54         SH:  0    Dex: 14    Spells: 1/1 levels left

rFire    . . .     SeeInvis .   a - +0 war axe
rCold    . . .     Faith    .   (no shield)
rNeg     . . .     Spirit   .   b - +0 leather armour
rPois    .         Reflect  .   c - +0 helmet
rElec    .         Harm     .   (no cloak)
rCorr    .         Rampage  .   q - +0 pair of gloves
Will     .....                  k - +1 pair of boots
Stlth    +.........             (no amulet)
HPRegen  0.07/turn              (no ring)
MPRegen  0.08/turn              (no ring)

@: lethally poisoned (-2 -> -4), attractive
A: rugged brown scales 1
a: no special abilities


You were on level 2 of the Dungeon.
You visited 1 branch of the dungeon, and saw 2 of its levels.

You collected 54 gold pieces.

Inventory:

Hand Weapons
 a - a +0 war axe (weapon)
 f - a +0 antimagic short sword
Missiles
 d - 2 throwing nets
 i - 8 poisoned darts (quivered)
Armour
 b - a +0 leather armour (worn)
 c - a +0 helmet (worn)
 k - a +1 pair of boots (worn)
 q - a +0 pair of gloves (worn)
Scrolls
 h - 2 scrolls of identify {unknown}
 j - a scroll of blinking {unknown}
 m - a scroll of remove curse {unknown}
 n - a scroll of amnesia {unknown}
 o - a scroll of enchant weapon {unknown}
Potions
 g - 3 potions of degeneration {unknown}
 l - 2 potions of flight {unknown}
 p - a potion of might {unknown}


   Skills:
 + Level 2.2 Fighting
 + Level 3.2 Axes
 + Level 1.9 Throwing
 + Level 0.3 Armour
 + Level 2.8 Dodging


You had one spell level left.
You didn't know any spells.
Your spell library was empty.

Dungeon Overview and Level Annotations

Branches:
Dungeon (2/15)

Altars:
Cheibriados
Fedhas
The Shining One


Innate Abilities, Weirdness & Mutations

You are partially covered in rugged brown scales. (AC +1, +3% HP)


Message History

You throw a poisoned dart. The poisoned dart hits the adder.
The adder is poisoned.
The adder barely misses you.
The goblin shoots a stone.
The stone barely misses you.
You see here a stone.
A hobgoblin comes into view.
The goblin shoots a stone.
The stone hits you.
* * * LOW HITPOINT WARNING * * *
You see here a stone.
You open the door.
The adder looks more healthy.
The adder barely misses you. The adder bites you.
* * * LOW HITPOINT WARNING * * *
You are lethally poisoned!
The adder poisons you!
Found a blossoming altar of Fedhas.
It was a potion of attraction.
You feel attractive to monsters.
* * * LOW HITPOINT WARNING * * *
You feel sick. The adder bites you.
You die...

#. #r #. #. ######### #.
..g.....###### #.
#....g@Ss(g.##########.
.....###'###.†....((w..r
#.. .# #.##########. #
.# #.# ## _. +.# # .#
#.. .# #.# +# #.. ..


You could see a scorpion, an adder, a hobgoblin and 2 goblins.

Vanquished Creatures
  2 dart slugs (D:1)
  2 ball pythons (D:2)
  A giant cockroach (D:1)
  3 hobgoblins
  3 jackals (D:2)
  2 bats
  2 frilled lizards (D:1)
  A goblin (D:1)
  2 kobolds (D:1)
  2 rats (D:1)
20 creatures vanquished.

Notes
Turn   | Place    | Note
-------+----------+-------------------------------------------
     0 | D:1      | Asceticacid the Demonspawn Gladiator began the quest for
                  | the Orb.
     0 | D:1      | Reached XP level 1. HP: 16/16 MP: 1/1
   194 | D:1      | Found a glowing golden altar of the Shining One.
   250 | D:1      | Reached skill level 3 in Axes
   306 | D:1      | Gained mutation: You are partially covered in rugged brown
                  | scales. (AC +1, +3% HP) [demonic ancestry]
   306 | D:1      | Reached XP level 2. HP: 5/22 MP: 2/2
  1191 | D:2      | Found a snail-covered altar of Cheibriados.
  1191 | D:2      | Noticed a scorpion
  1224 | D:2      | Found a blossoming altar of Fedhas.
  1225 | D:2      | HP: 1/22 [poisoned by an adder]
  1225 | D:2      | Slain by an adder

Illustrated notes

Levels and vault maps discovered:
D:1:      heliophobic_arrival_henge, layout_basic, tso_metal_star
D:2:      layout_rooms, nicolae_overflow_crystal_walls,
          overflow_temple_1_default, lemuel_doored_altar,
          lemuel_coloured_pillars_altar, chequers_serial_rivers_micro_a

Skill      XL: |  1 |
---------------+----+-----
Axes           | 3 |  3.2
Fighting       | |  2.2
Throwing       | |  1.9
Armour         | |  0.3
Dodging        | |  2.8

Action                   || total
-------------------------++-------
Melee: War axe           ||    53
Throw: Throwing net      ||     4
       Dart              ||     3
  Use: Potion            ||     1
 Stab: Held in net/web   ||     1
Armor: Leather armour    ||    28
Dodge: Dodged            ||    71
